[Event "ICC tourney 2145 (45 10)"]
[Site "Internet Chess Club"]
[Date "2020.11.21"]
[Round "4"]
[White "BobbyFissure"]
[Black "Abhinac123"]
[Result "0-1"]
[ICCResult "White resigns"]
[WhiteElo "1401"]
[BlackElo "1477"]
[Opening "Bird's opening: Lasker variation"]
[ECO "A03"]
[NIC "VO.07"]
[Time "19:32:28"]
[TimeControl "2700+10"]

1. f4 d5 2. Nf3 Nf6 3. e3 c5 4. Bb5+ Nc6 5. O-O e6 6. b3 Be7 7. Bb2 O-O 8.
Ne5 Bd7 9. Be2 Be8 10. d3 Nd7 11. Nxc6 bxc6 12. Nd2 Bf6 13. d4 cxd4 14. exd4
Nb6 15. Nf3 Bd7 16. Ba3 Be7 17. Bxe7 Qxe7 18. c4 c5 19. Rc1 cxd4 20. c5 Nc8
21. Qxd4 f6 22. Qb4 a5 23. Qb7 Ra7 24. Qb8 Bc6 25. Nd4 Qd7 26. Nxc6 Rb7 27.
Qa8 Na7 28. Ne7+ Qxe7 29. Qxf8+ Kxf8 30. Rf3 Rc7 31. Rfc3 Nc6 32. a3 e5 33.
fxe5 Qxe5 34. Bf1 Qd4+ 35. Kh1 Re7 36. h3 Re1 37. Rd3 Rxf1+ 38. Rxf1 Qxd3
39. Rf3 Qc2 40. g4 Qxc5 41. Kg2 Qxa3 42. g5 Qb2+ 43. Kg3 Qe5+ 44. Kf2 Qxg5
{White resigns}
0-1

[Event "ICC tourney 2145 (45 10)"]
[Site "Internet Chess Club"]
[Date "2020.11.21"]
[Round "5"]
[White "ElijahL2020"]
[Black "jojoraman"]
[Result "1/2-1/2"]
[ICCResult "Game drawn by mutual agreement"]
[WhiteElo "1328"]
[BlackElo "1358"]
[Opening "Scotch game"]
[ECO "C45"]
[NIC "SO.05"]
[Time "22:02:33"]
[TimeControl "2700+10"]

1. e4 e5 2. Nf3 Nc6 3. d4 exd4 4. Nxd4 Bc5 5. Be3 Qf6 6. c3 Nge7 7. Bc4 O-O
8. O-O d6 9. f3 Bb6 10. Qd2 h6 11. Nxc6 Bxe3+ 12. Qxe3 Nxc6 13. Nd2 Be6 14.
Bb3 Rfe8 15. f4 Bxb3 16. axb3 Qe6 17. f5 Qe5 18. f6 g5 19. Qh3 Kh7 20. Rf5
Qe6 21. Rxg5 Qxh3 22. Rg7+ Kh8 23. gxh3 Rg8 24. Rxg8+ Rxg8+ 25. Kf2 Rg6 26.
b4 Rxf6+ 27. Ke3 a6 28. b5 axb5 29. Ra8+ Kg7 30. Rc8 Re6 31. Rxc7 Re7 32.
Rxe7 Nxe7 33. c4 bxc4 34. Nxc4 d5 35. exd5 Nxd5+ 36. Ke4
{Game drawn by mutual agreement}
1/2-1/2

[Event "ICC tourney 2145 (45 10)"]
[Site "Internet Chess Club"]
[Date "2020.11.21"]
[Round "5"]
[White "ZYCON"]
[Black "UltimateDL"]
[Result "0-1"]
[ICCResult "White checkmated"]
[WhiteElo "1376"]
[BlackElo "1489"]
[Opening "Queen's gambit accepted"]
[ECO "D20"]
[NIC "QG.03"]
[Time "22:02:34"]
[TimeControl "2700+10"]

1. d4 d5 2. c4 dxc4 3. e3 e5 4. Bxc4 exd4 5. exd4 Bd6 6. Nf3 Nf6 7. h3 O-O
8. O-O h6 9. Nc3 Nc6 10. Be3 Bf5 11. a3 Qd7 12. Nh2 Bxh3 13. gxh3 Qxh3 14.
f4 Qxe3+ 15. Kg2 Nxd4 16. Nd5 Qe4+ 17. Nf3 Nxf3 18. Nxf6+ gxf6 19. Qxf3 Qxc4
20. Qg4+ Kh8 21. Rh1 Qe4+ 22. Kg3 Qh7 23. Kf3 Rg8 24. Qh4 Qd3+ 25. Kf2 Bc5+
26. Ke1 Rae8# {White checkmated} 0-1

[Event "ICC tourney 2145 (45 10)"]
[Site "Internet Chess Club"]
[Date "2020.11.21"]
[Round "5"]
[White "bsarvagnya"]
[Black "jjplaman"]
[Result "1-0"]
[ICCResult "Black resigns"]
[WhiteElo "1247"]
[BlackElo "1385"]
[Opening "Caro-Kann: advance variation"]
[ECO "B12"]
[NIC "CK.04"]
[Time "22:02:58"]
[TimeControl "2700+10"]

1. e4 c6 2. d4 d5 3. e5 Bf5 4. Nf3 e6 5. Nc3 c5 6. Bb5+ Nc6 7. Be3 a6 8.
Bxc6+ bxc6 9. dxc5 Qa5 10. a3 Bxc5 11. b4 Bxb4 12. axb4 Qxb4 13. Bd2 Ne7 14.
O-O O-O 15. Nxd5 Qc5 16. Ra5 Qa7 17. Nxe7+ Qxe7 18. Nd4 Qd7 19. Nxf5 exf5
20. Qe2 Rfd8 21. Rd1 Rab8 22. Raa1 Rb2 23. Ba5 {Black resigns} 1-0

[Event "ICC tourney 2145 (45 10)"]
[Site "Internet Chess Club"]
[Date "2020.11.21"]
[Round "5"]
[White "BobbyFissure"]
[Black "M6northrup"]
[Result "0-1"]
[ICCResult "White resigns"]
[WhiteElo "1408"]
[BlackElo "1628"]
[Opening "Bird's opening"]
[ECO "A03"]
[NIC "VO.07"]
[Time "22:02:35"]
[TimeControl "2700+10"]

1. f4 d5 2. Nf3 Nc6 3. e3 Nf6 4. b3 e6 5. Bb2 Bd6 6. Ne5 Bxe5 7. fxe5 Ne4 8.
Qf3 Qg5 9. d4 O-O 10. Na3 a6 11. c3 f6 12. exf6 Rxf6 13. Nc2 Rxf3 14. gxf3
Qh4+ 15. Ke2 Qf2+ {White resigns} 0-1

[Event "ICC tourney 2145 (45 10)"]
[Site "Internet Chess Club"]
[Date "2020.11.21"]
[Round "5"]
[White "mutantpenguin"]
[Black "WallyCleaver"]
[Result "1-0"]
[ICCResult "Black resigns"]
[WhiteElo "1363"]
[BlackElo "1303"]
[Opening "Alekhine's defense: exchange variation"]
[ECO "B02"]
[NIC "AL.08"]
[Time "22:02:32"]
[TimeControl "2700+10"]

1. e4 Nf6 2. e5 Nd5 3. c4 Nb6 4. d4 d6 5. exd6 cxd6 6. Nf3 g6 7. Bd3 Bg7 8.
h3 Nc6 9. Be3 O-O 10. O-O d5 11. c5 Nd7 12. Nc3 Nf6 13. a3 a6 14. Re1 e6 15.
Bf4 Re8 16. Bc2 Nh5 17. Be5 Nxe5 18. Nxe5 Nf6 19. Na4 Nd7 20. Nxd7 Bxd7 21.
Nb6 Rb8 22. Nxd7 Qxd7 23. Ba4 Qc7 24. Bxe8 Rxe8 25. Qa4 Rc8 26. Rac1 Qc6 27.
Qxc6 Rxc6 28. Red1 b6 29. cxb6 Rxb6 30. Rc8+ Bf8 31. b4 Kg7 32. Rdc1 Bd6 33.
R1c6 Rxc6 34. Rxc6 Be7 35. Rxa6 Bf6 36. b5 Bxd4 37. b6 Be5 38. b7 d4 39. Rb6
Bb8 40. Rb3 e5 41. Rd3 Ba7 42. Kf1 e4 43. Rxd4 Bxd4 44. b8=Q f5 45. Qc7+ Kh6
46. f3 Be3 47. Ke2 {Black resigns} 1-0

[Event "ICC tourney 2145 (45 10)"]
[Site "Internet Chess Club"]
[Date "2020.11.21"]
[Round "5"]
[White "mrneale"]
[Black "adma2028"]
[Result "0-1"]
[ICCResult "White checkmated"]
[WhiteElo "1567"]
[BlackElo "1444"]
[Opening "Queen's pawn game"]
[ECO "D02"]
[NIC "QP.08"]
[Time "22:02:37"]
[TimeControl "2700+10"]

1. d4 d5 2. Nf3 Bf5 3. Bf4 Nf6 4. e3 e6 5. Bd3 Bg6 6. h3 Bd6 7. Ne5 Nbd7 8.
Nxg6 hxg6 9. Bxd6 cxd6 10. Nd2 e5 11. c3 g5 12. Qa4 g4 13. O-O-O gxh3 14.
gxh3 Qb6 15. Rdg1 g6 16. Bb5 a6 17. Bxd7+ Nxd7 18. Nb3 e4 19. Qa5 Qxa5 20.
Nxa5 b6 21. Nc6 a5 22. Kd2 Nf6 23. b4 Kd7 24. b5 a4 25. Rg3 Ne8 26. f3 Nc7
27. Nb4 Ra5 28. fxe4 dxe4 29. Rg5 Rxb5 30. Rxb5 Nxb5 31. Nd5 Kc6 32. c4 Na3
33. Kc3 Nxc4 34. Kxc4 b5+ 35. Kb4 Kxd5 36. Kxb5 g5 37. Kxa4 Kc4 38. Rc1+ Kd3
39. Rc6 Kxe3 40. Rxd6 Rxh3 41. Rf6 Kxd4 42. Rxf7 e3 43. Rd7+ Kc3 44. Re7 Kd2
45. Rd7+ Ke1 46. Rd5 g4 47. Kb5 g3 48. a4 g2 49. Rg5 Kf2 50. Rf5+ Rf3 51.
Rg5 Rg3 52. Rf5+ Ke2 53. a5 g1=Q 54. a6 Kd2 55. Rd5+ Kc3 56. Rc5+ Kb3 57. a7
Qf1+ 58. Kb6 Rg6+ 59. Kb7 Rg7+ 60. Kb6 Rxa7 61. Kxa7 e2 62. Rb5+ Ka4 63. Rb7
e1=Q 64. Ka8 Qa5+ 65. Ra7 Qf8+ 66. Kb7 Qe7+ 67. Kc8 Qd8+ 68. Kb7 Qc7+ 69.
Ka8 Qaxa7# {White checkmated} 0-1

[Event "ICC tourney 2145 (45 10)"]
[Site "Internet Chess Club"]
[Date "2020.11.21"]
[Round "5"]
[White "handsomematch"]
[Black "drjava"]
[Result "0-1"]
[ICCResult "White checkmated"]
[WhiteElo "1220"]
[BlackElo "1641"]
[Opening "Ruy Lopez: Berlin defense, 4.O-O, d6"]
[ECO "C66"]
[NIC "RL.07"]
[Time "22:02:35"]
[TimeControl "2700+10"]

1. e4 e5 2. Nf3 Nc6 3. Bb5 Nf6 4. O-O d6 5. Re1 Bd7 6. c3 a6 7. Ba4 b5 8.
Bc2 Be7 9. d4 exd4 10. cxd4 Bg4 11. d5 Ne5 12. Nbd2 O-O 13. h3 Bh5 14. g4
Nxf3+ 15. Qxf3 Bg6 16. Nf1 Nxd5 17. exd5 Bxc2 18. Qe2 Bg5 19. Qxc2 Bxc1 20.
Raxc1 Qh4 21. Kg2 f5 22. f3 fxg4 23. hxg4 Rf6 24. Ng3 Rg6 25. Nf5 Qf6 26.
Ne7+ Kh8 27. Nxg6+ hxg6 28. Qxc7 Rf8 29. Re3 Qxb2+ 30. Rc2 Qf6 31. Qe7 Qf4
32. Re4 Qxf3+ 33. Kh2 g5 34. Rce2 Rf6 35. Qe8+ Kh7 36. Qc8 Rh6+ 37. Kg1 Rh1#
{White checkmated}
0-1

[Event "ICC tourney 2145 (45 10)"]
[Site "Internet Chess Club"]
[Date "2020.11.21"]
[Round "5"]
[White "trucker"]
[Black "virajphadke"]
[Result "1-0"]
[ICCResult "Black resigns"]
[WhiteElo "1672"]
[BlackElo "1561"]
[Opening "French: Marshall variation"]
[ECO "C10"]
[NIC "FR.04"]
[Time "22:02:42"]
[TimeControl "2700+10"]

1. e4 e6 2. d4 d5 3. Nc3 c5 4. exd5 exd5 5. dxc5 d4 6. Ne4 Nc6 7. Nf3 Bg4 8.
Bf4 Bxc5 9. Bd3 Bb4+ 10. c3 dxc3 11. bxc3 Be7 12. Qe2 Be6 13. O-O Nf6 14.
Rad1 Nxe4 15. Qxe4 Bd5 16. Qe2 O-O 17. Be4 g5 18. Rxd5 Qb6 19. Nxg5 Bxg5 20.
Rxg5+ Kh8 21. Qh5 f5 22. Rxf5 Rxf5 23. Bxf5 {Black resigns} 1-0

[Event "ICC tourney 2145 (45 10)"]
[Site "Internet Chess Club"]
[Date "2020.11.21"]
[Round "5"]
[White "JudeNYC"]
[Black "Nacaroa-Dan"]
[Result "1-0"]
[ICCResult "Black resigns"]
[WhiteElo "1640"]
[BlackElo "1564"]
[Opening "Scandinavian defense"]
[ECO "B01"]
[NIC "SD.03"]
[Time "22:02:32"]
[TimeControl "2700+10"]

1. e4 d5 2. exd5 Nf6 3. Nc3 Nxd5 4. Nxd5 Qxd5 5. Nf3 e5 6. b3 Bg4 7. Be2 Nc6
8. h3 Bh5 9. Bb2 O-O-O 10. c4 Qd6 11. Qc2 f6 12. Qf5+ Kb8 13. Qxh5 e4 14.
Rd1 exf3 15. Qxf3 Nd4 16. Bxd4 Qxd4 17. Qc3 Qe4 18. Kf1 Bc5 19. Bf3 Qe7 20.
d4 Bb4 21. Qe3 Qd6 22. Qe4 c6 23. g3 g6 24. c5 Qd7 25. Qf4+ Ka8 26. Kg2 Qf7
27. Qc1 Ba5 28. Qb1 f5 29. b4 Bc7 30. Qb3 Qxb3 31. axb3 Kb8 32. d5 cxd5 33.
Bxd5 Rhe8 34. Bc4 f4 35. Rxd8+ Rxd8 36. Re1 fxg3 37. fxg3 Rd2+ 38. Re2 Rxe2+
39. Bxe2 Be5 40. Kf3 Kc7 41. g4 Bc3 42. b5 Bb4 43. b6+ axb6 44. cxb6+ Kxb6
45. Ke4 Bc3 46. Kd5 Ka5 47. Ke6 Kb4 48. Bc4 h5 49. g5 b5 50. Bd5 Kc5 51. Bf3
Kb4 52. Bd1 Kc5 53. Kf7 Kd6 54. Kxg6 h4 55. Kf7 {Black resigns} 1-0

[Event "ICC tourney 2145 (45 10)"]
[Site "Internet Chess Club"]
[Date "2020.11.21"]
[Round "5"]
[White "byumitchell"]
[Black "Paladin51"]
[Result "1/2-1/2"]
[ICCResult "Game drawn by mutual agreement"]
[WhiteElo "1474"]
[BlackElo "1597"]
[Opening "Sicilian defense"]
[ECO "B44"]
[NIC "SI.39"]
[Time "22:02:35"]
[TimeControl "2700+10"]

1. e4 c5 2. Nf3 e6 3. d4 cxd4 4. Nxd4 Nc6 5. Nxc6 bxc6 6. Nc3 d5 7. exd5
exd5 8. Be3 Nf6 9. Be2 Be7 10. h3 O-O 11. Qd2 Bf5 12. Bg5 Ne4 13. Nxe4 Bxe4
14. Bxe7 Qxe7 15. O-O Qf6 16. c3 Qg6 17. f3 Bf5 18. Kh2 Qd6+ 19. Kh1 Rab8
20. b3 Rfe8 21. Bd3 Qg6 22. Bxf5 Qxf5 {Game drawn by mutual agreement}
1/2-1/2

[Event "ICC tourney 2145 (45 10)"]
[Site "Internet Chess Club"]
[Date "2020.11.21"]
[Round "5"]
[White "ChessHawk8"]
[Black "bgolkar"]
[Result "1-0"]
[ICCResult "Black resigns"]
[WhiteElo "1562"]
[BlackElo "1397"]
[Opening "King's pawn game"]
[ECO "C50"]
[NIC "IG.03"]
[Time "22:02:35"]
[TimeControl "2700+10"]

1. e4 e5 2. Nf3 Nc6 3. Bc4 d6 4. h3 Be6 5. Bb3 Bxb3 6. axb3 a5 7. c3 Nf6 8.
d3 d5 9. exd5 Nxd5 10. O-O Bd6 11. Re1 O-O 12. Nbd2 h6 13. Nc4 Re8 14. Nxd6
cxd6 15. Ra4 b5 16. Rg4 Qf6 17. Qe2 Re6 18. Qd2 Rae8 19. Ree4 Nf4 20. d4 Nd5
21. dxe5 Nxe5 22. Qxd5 Nxg4 23. Rxe6 fxe6 24. Qxb5 Rf8 25. hxg4 e5 26. Qd5+
Kh8 27. Be3 Rb8 28. g5 Qg6 29. gxh6 gxh6 30. Qd2 Rg8 31. Ne1 h5 32. f3 h4
33. Qf2 h3 34. Qh4+ Kg7 35. Qxh3 Kf7 36. Qd7+ Kf8 37. Qd8+ Kg7 38. Qc7+ Kh8
39. Qxa5 Qg3 40. Bf2 Qg6 41. Qb4 Rd8 42. Qh4+ Kg7 43. Qxd8 Qb1 44. Qg5+ Kf7
45. Qh5+ Ke7 46. Bh4+ Kd7 47. Qf7+ Kc6 48. Qc4+ Kd7 49. Qa4+ Ke6 50. Qe8+
Kd5 51. Qb5+ Ke6 52. Qd3 Qxb2 53. Qc2 Qa1 54. Kf2 Qa7+ 55. Ke2 Qa6+ 56. Qd3
Qa2+ 57. Qc2 Qa6+ 58. Kd2 Qa7 59. Qg6+ Kd5 60. c4+ Kc6 61. Qe4+ Kd7 62. Qh7+
Kc6 63. Qxa7 {Black resigns} 1-0

[Event "ICC tourney 2145 (45 10)"]
[Site "Internet Chess Club"]
[Date "2020.11.21"]
[Round "5"]
[White "Mannansh"]
[Black "rpodder1"]
[Result "1-0"]
[ICCResult "Black resigns"]
[WhiteElo "1211"]
[BlackElo "1511"]
[Opening "Sicilian: Smith-Morra gambit"]
[ECO "B21"]
[NIC "SI.48"]
[Time "22:02:37"]
[TimeControl "2700+10"]

1. e4 c5 2. d4 cxd4 3. c3 dxc3 4. Nxc3 d6 5. Bc4 Nc6 6. Nf3 Nf6 7. O-O Bg4
8. Qb3 e6 9. Bf4 Bxf3 10. gxf3 Qb6 11. Qxb6 axb6 12. Nb5 Kd7 13. Rfd1 e5 14.
Be3 Be7 15. Bxb6 Rac8 16. Bb3 Rhf8 17. Bc5 Ne8 18. Bb6 f5 19. Rd2 Rf6 20.
Rad1 fxe4 21. fxe4 Rg6+ 22. Kf1 Bg5 23. Rd5 Bf4 24. Bc5 Bxh2 25. Bxd6 Rg1+
26. Ke2 Nd4+ 27. R1xd4 Nf6 28. Bxe5+ Nxd5 29. Rxd5+ Ke7 30. Bxh2 Rg4 31. Kf3
Rh4 32. Re5+ Kf6 33. Re6+ Kg5 34. Bd6 Rh3+ 35. Kg2 Rd3 36. Re5+ Kh6 37. Rd5
{Black resigns}
1-0

[Event "ICC tourney 2145 (45 10)"]
[Site "Internet Chess Club"]
[Date "2020.11.21"]
[Round "5"]
[White "shubham14"]
[Black "i3izarre"]
[Result "1-0"]
[ICCResult "Black resigns"]
[WhiteElo "1520"]
[BlackElo "1404"]
[Opening "English: Bremen system, Keres variation"]
[ECO "A23"]
[NIC "EO.12"]
[Time "22:03:25"]
[TimeControl "2700+10"]

1. c4 e5 2. Nc3 Nf6 3. g3 c6 4. Bg2 Bb4 5. d3 d5 6. cxd5 Nxd5 7. Bd2 Be6 8.
Nf3 Nd7 9. O-O O-O 10. a3 Ba5 11. b4 Bb6 12. Ne4 f5 13. Nd6 Qc7 14. Nc4 f4
15. Ng5 Rae8 16. Rc1 fxg3 17. hxg3 h6 18. Nxe6 Rxe6 19. b5 Ref6 20. bxc6
Bxf2+ 21. Rxf2 Rxf2 22. Bxd5+ Kh8 23. cxd7 Qxd7 24. Nxe5 Qxd5 25. Ng6+ Kh7
26. Nxf8+ Kg8 {Black resigns} 1-0

[Event "ICC tourney 2145 (45 10)"]
[Site "Internet Chess Club"]
[Date "2020.11.21"]
[Round "5"]
[White "Fredzhang"]
[Black "smartgoldfish"]
[Result "1-0"]
[ICCResult "Black forfeits on time"]
[WhiteElo "1149"]
[BlackElo "1136"]
[Opening "QGD Slav defense"]
[ECO "D13"]
[NIC "SL.01"]
[Time "22:02:34"]
[TimeControl "2700+10"]

1. d4 d5 2. c4 c6 3. Nc3 Nf6 4. cxd5 cxd5 5. Nf3 Nc6 6. Bf4 Bg4 7. Nb5 Rc8
8. Nc3 Qb6 9. Qd2 Bxf3 10. exf3 Nxd4 11. Be3 e5 12. Bd3 Bc5 13. Na4 Qd6 14.
Nxc5 Qxc5 15. Bxd4 exd4 16. O-O O-O 17. Rac1 Qd6 18. Rxc8 Rxc8 19. Bf5 Re8
20. Qxd4 b6 21. Qa4 a5 22. Qc2 d4 23. Rd1 Qe5 24. Bd3 g6 25. g3 Nd5 26. Qd2
Nb4 27. Bf1 Rd8 28. f4 Qd5 29. a3 Nc6 30. Bg2 Qc5 31. Rc1 Qf5 32. Bxc6 Qg4
33. Kg2 Qf5 34. Bf3 Qf6 35. Rc6 Qf5 36. Rxb6 Qc5 37. Rb3 Qc4 38. Qxa5 Re8
39. Qb4 Qc2 40. Qb5 Re1 41. Rb4 Qc1 42. Qd7 Rg1+ 43. Kh3 Qf1+ 44. Kg4 h5+
45. Kg5 Qxf2 46. Qe8+ Kg7 47. Qe5+ Kh7 48. Rb7 {Black forfeits on time} 1-0

[Event "ICC tourney 2145 (45 10)"]
[Site "Internet Chess Club"]
[Date "2020.11.21"]
[Round "5"]
[White "Abhinac123"]
[Black "wildrumpus"]
[Result "0-1"]
[ICCResult "White checkmated"]
[WhiteElo "1447"]
[BlackElo "1484"]
[Opening "Queen's Indian accelerated"]
[ECO "E12"]
[NIC "QP.07"]
[Time "22:02:33"]
[TimeControl "2700+10"]

1. d4 Nf6 2. c4 b6 3. Nf3 Bb7 4. Nc3 e6 5. Bf4 Bb4 6. a3 Bxc3+ 7. bxc3 O-O
8. e3 h6 9. Be2 d6 10. h3 Nc6 11. O-O Na5 12. Nd2 Ne4 13. Nxe4 Bxe4 14. f3
Bb7 15. e4 Ba6 16. c5 Bxe2 17. Qxe2 Nc6 18. cxd6 cxd6 19. Rfd1 Rc8 20. Qf2
Qe7 21. Qg3 e5 22. Bxh6 Qf6 23. Be3 Na5 24. Bg5 Qg6 25. dxe5 dxe5 26. Qxe5
Rc5 27. Rd5 Nc6 28. Qg3 Rxc3 29. Bf4 Qxg3 30. Bxg3 Rc8 31. Be1 Rc2 32. Rad1
Kf8 33. Bb4+ Nxb4 34. axb4 Rc1 35. Rd8+ Ke7 36. Rxc8 Rxc8 37. Rd5 Ra8 38.
Kf2 a5 39. bxa5 bxa5 40. Ke3 a4 41. Kd2 a3 42. Kc2 a2 43. Rd1 a1=Q 44. Rxa1
Rxa1 45. Kd3 Rg1 46. g4 Rg3 47. Ke3 Rxh3 48. Kf4 f6 49. g5 fxg5+ 50. Kxg5
Rxf3 51. Kg6 Kf8 52. e5 Re3 53. e6 Rxe6+ 54. Kf5 Rf6+ 55. Kg5 Kf7 56. Kg4
Rg6+ 57. Kf3 Kf6 58. Kf2 Kf5 59. Kf1 Kf4 60. Kf2 Ra6 61. Kg1 Kf3 62. Kh2 g5
63. Kh1 Kg3 64. Kg1 Ra1# {White checkmated} 0-1